 Dungeon Crawl Stone Soup version 0.30-a0-534-gdc55766716 (webtiles) character file.

Game seed: 17885371120314900786

128120 oldriver the Fighter (level 17, -1/168 HPs)
             Began as a Naga Artificer on Dec 25, 2022.
             Was a High Priest of Elyvilon.
             Succumbed to a sea snake's poison
             ... on level 1 of the Shoals.
             The game lasted 01:35:19 (40259 turns).

oldriver the Fighter (Naga Artificer)              Turns: 40259, Time: 01:35:19

Health: -1/168     AC: 19    Str: 18    XL:     17   Next: 2%
Magic:  1/35       EV: 18    Int: 12    God:    Elyvilon [*****.]
Gold:   2631       SH: 15    Dex: 28    Spells: 16/16 levels left

rFire   . . .      SeeInvis +    I - +5 falchion (flame)
rCold   . . .      Faith    .    W - +1 kite shield {reflect}
rNeg    . . .      Spirit   +    S - +0 acid dragon scales
rPois   +          Reflect  +    r - +2 helmet
rElec   .          Harm     .    Y - +0 cloak
rCorr   +          Rampage  .    s - +3 pair of gloves "Estifize" {Dex+4}
Will    ++...                    (no barding)
Stlth   +++++                    F - amulet of guardian spirit
HPRegen 0.48/turn                c - +6 ring of strength
MPRegen 0.24/turn                t - ring of Oqouh {rCorr MP+9 Str-4 Dex+6}

@: mighty, lethally poisoned (-1 -> -48), studying Shields, very slow
A: AC +5, large, see invisible, deformed body, poison resistance, slowness 2,
spit poison 1, naga tail 2
a: Spit Poison, Renounce Religion, Purification, Heal Other, Heal Self, Divine
Vigour


You were on level 1 of the Shoals.
You worshipped Elyvilon.
Elyvilon was extremely pleased with you.
You visited 6 branches of the dungeon, and saw 28 of its levels.
You visited the Abyss 1 time.
You also visited: Bailey.

You collected 2697 gold pieces.
You spent 66 gold pieces at shops.

Inventory:

Hand Weapons
 I - a +5 falchion of flaming (weapon)
Missiles
 w - 3 silver boomerangs
 z - 12 silver javelins
 A - 37 poisoned darts
 B - 13 boomerangs (quivered)
 P - a curare-tipped dart
Armour
 r - a +2 helmet (worn)
 s - the +3 pair of gloves "Estifize" (worn) {Dex+4}
   (You found it on level 4 of the Dungeon)

   Dex:       It affects your dexterity (+4).
 S - +0 acid dragon scales (worn)
 W - a +1 kite shield of reflection (worn)
 Y - a +0 cloak (worn)
Jewellery
 c - a +6 ring of strength (left hand)
 j - a ring of protection from fire
 t - the ring of Oqouh (right hand) {rCorr MP+9 Str-4 Dex+6}
   (You found it on level 4 of the Lair of Beasts)

   [ring of dexterity]

   Str:       It affects your strength (-4).
   Dex:       It affects your dexterity (+6).
   MP:        It affects your magic capacity (+9).
   rCorr:     It protects you from acid and corrosion.
 u - a ring of resist corrosion
 y - a ring of protection from cold
 F - an amulet of guardian spirit (around neck)
 T - a ring of willpower
Wands
 d - a wand of charming (27)
 o - a wand of light (4)
 D - a wand of mindburst (6)
 G - a wand of flame (28)
 M - a wand of polymorph (8)
 V - a wand of iceblast (9)
Scrolls
 e - 6 scrolls of amnesia
 k - 2 scrolls of poison
 x - 3 scrolls of summoning
 C - a scroll of teleportation
 E - 12 scrolls of identify
 J - 2 scrolls of fear
 Q - a scroll of silence
 R - 3 scrolls of magic mapping
 Z - a scroll of brand weapon
Potions
 b - a potion of cancellation
 q - 8 potions of flight
 v - 5 potions of berserk rage
 H - 3 potions of magic
 K - 3 potions of mutation
 L - 2 potions of lignification
Miscellaneous
 m - a phantom mirror (inert)
 X - a box of beasts (inert)


   Skills:
 + Level 14.8 Fighting
 - Level 10.0(12.7) Short Blades
 - Level 12.6(14.0) Long Blades
 + Level 7.8 Throwing
 + Level 6.3 Armour
 - Level 11.0 Dodging
 - Level 11.0 Stealth
 * Level 9.5 Shields
 - Level 12.0 Invocations
 - Level 4.0 Evocations


You had 16 spell levels left.
You didn't know any spells.
Your spell library contained the following spells:

 Spells                   Type           Power      Damage    Failure   Level
 Kiss of Death            Conj/Necr      0%         2d5       63%         1
 Magic Dart               Conj           0%         1d3       63%         1
 Necrotise                Necr           0%         1d4       63%         1
 Slow                     Hex            0%         N/A       63%         1
 Ensorcelled Hibernation  Hex/Ice        0%         N/A       77%         2
 Passwall                 Tmut/Erth      0%         N/A       77%         2
 Searing Ray              Conj           0%         2d4       77%         2
 Sublimation of Blood     Necr           0%         N/A       77%         2
 Confusing Touch          Hex            0%         N/A       94%         3
 Gell's Gravitas          Tloc           0%         N/A       94%         3
 Kindle Blastsparks       Fire/Tloc/Air  0%         2d10      94%         3
 Lesser Beckoning         Tloc           0%         N/A       94%         3
 Spider Form              Tmut/Pois      0%         N/A       94%         3
 Swiftness                Air            0%         N/A       94%         3
 Teleport Other           Tloc           0%         N/A       94%         3
 Vampiric Draining        Necr           0%         2d6       94%         3
 Airstrike                Air            0%         2d(0-16)  100%        4
 Anguish                  Hex/Necr       0%         N/A       100%        4
 Animate Armour           Summ/Erth      0%         N/A       100%        4
 Dispel Undead            Necr           0%         3d6       100%        4
 Fulminant Prism          Conj/Hex       0%         3d5       100%        4
 Alistair's Intoxication  Tmut/Pois      0%         N/A       100%        5
 Blade Hands              Tmut           0%         N/A       100%        5
 Borgnjor's Vile Clutch   Necr/Erth      0%         N/A       100%        5
 Summon Forest            Summ/Tloc      0%         N/A       100%        5
 Summon Mana Viper        Hex/Summ       0%         N/A       100%        5
 Conjure Ball Lightning   Conj/Air       0%         3x3d7     100%        6
 Eringya's Noxious Bog    Tmut/Pois      0%         N/A       100%        6
 Iron Shot                Conj/Erth      0%         9d1       100%        6
 Summon Cactus Giant      Summ           0%         N/A       100%        6
 Monstrous Menagerie      Summ           0%         N/A       100%        7


Dungeon Overview and Level Annotations

Branches:
Dungeon (14/15)            Temple (1/1) D:4            Lair (5/5) D:8
 Shoals (3/4) Lair:3        Snake (3/4) Lair:3        Slime (0/5) Lair:5
    Orc (2/2) D:10            Elf (0/3) Orc:2        Bailey (visited)
 Vaults: D:13-14

Altars:
Ashenzari
Cheibriados
Dithmenos
Elyvilon
Fedhas
Gozag
Hepliaklqana
Kikubaaqudgha
Makhleb
Nemelex Xobeh
Okawaru
Qazlal
Ru
Sif Muna
Trog
Uskayaw
Vehumet
Wu Jian
Xom
Yredelemnul
Zin
The Shining One
Lugonu

Shops:
D:1 (   D:3 (   D:6 =   Orc:2 ::(:   Snake:2 [:   Snake:3 :(?

Portals:
Abyss: Lair:5

Annotations:
D:2 Natasha
D:7 2 transporters, Dordric's ghost, novice TrMo
D:9 1 runed translucent door, Chaicat's ghost, novice MiFi
D:12 1 transporter
D:13 2 transporters, Isikleif's ghost, journeyman MiBe
Lair:2 3 runed translucent doors, VibeKiller's ghost, journeyman SpEn
Lair:5 1 runed translucent door
Shoals:1 Louise
Snake:3 Vashnia
Orc:2 2 transporters, Lobster4's ghost, journeyman HOFi


Innate Abilities, Weirdness & Mutations

Your serpentine skin is tough. (AC +5)
You have supernaturally acute eyesight. (SInv)
Armour fits poorly on your strangely shaped body.
Your system is resistant to poisons. (rPois)
You cover ground very slowly.
You can spit poison.
You can use your snake-like lower body to constrict enemies.


Message History

The merfolk is heavily wounded.
The iceblast engulfs the sea snake!!
The sea snake is moderately wounded.
The iceblast engulfs the sea snake!!
The sea snake is moderately wounded.
You feel extremely sick.
The sea snake bites you but does no damage.
The sea snake barely misses you.
The merfolk hits you from afar with a +0 halberd!
The sea snake bites you!
* * * LOW HITPOINT WARNING * * *
You are lethally poisoned!
The sea snake poisons you!
Unknown command.
Aiming: Iceblast
Press: ? - help, Shift-Dir - straight line, f - merfolk
Aim: a merfolk, wielding a +0 halberd (heavily wounded)
The mass of ice explodes!
The iceblast engulfs the merfolk!
The merfolk is severely wounded.
The iceblast engulfs the sea snake!
The sea snake is heavily wounded.
The iceblast engulfs the sea snake!
The sea snake is heavily wounded.
* * * LOW HITPOINT WARNING * * *
You feel extremely sick. The sea snake bites you.
* * * LOW HITPOINT WARNING * * *
The sea snake closely misses you.
The merfolk hits you but does no damage.
Unknown command.
That's the wrong kind of item! (Use * to select it.) Evoke which item? (* to show all) (? for menu, Esc to quit)
Okay, then.
Unknown command.
As you read the scroll of fear, it crumbles to dust.
You assume a fearsome visage.
The sea snake looks frightened! x2
The merfolk impaler looks frightened!
The merfolk looks frightened!
* * * LOW HITPOINT WARNING * * *
You feel extremely sick.
You die...

#.P#...~~~..........~~....
##....~~~~....#..~..~~~...
##....~..~~.!.##......~~~~~
###....~≈.......#...##...~..~
#P.......≈≈~................
....~~~....≈S≈.m.........^.#
~~P~~~~~~..≈≈≈~..S.........#
≈~~~~~≈≈≈~<..~~~...........#
≈≈≈≈≈≈≈≈≈~.(..@..####..###....~
#≈≈≈≈≈≈≈≈≈~......####..## ...~~
###≈≈≈≈≈≈≈≈≈......##....#.S.S.P
≈≈≈≈≈≈≈~≈≈.........~≈≈....P.P
≈≈≈≈≈.....~...>>...≈≈~~~~PPP@
≈≈≈≈~........###.).≈~~≈~≈≈~~P
≈~~≈≈....≈~.^.##..~~.~~≈≈≈≈~#
≈.#.~....~~~.........~~≈≈≈~
##...~~~~~..~~~~~~~~~≈≈≈P


You could see 2 sea snakes and a merfolk (fleeing).

Vanquished Creatures
  A nagaraja (Snake:2)
  Donald (Snake:1)
  A cacodemon (Abyss:2)
  A salamander tyrant (Snake:3)
  2 ogre magi (Orc:2)
  8 anacondas
  A boulder beetle (D:12)
  A centaur warrior (D:13)
  7 naga warriors
  10 two-headed ogres
  A dancing weapon (Abyss:2)
  5 shock serpents
  3 thrashing horrors
  5 death yaks (Lair:5)
  3 hell hogs (Abyss:2)
  6 naga sharpshooters
  2 salamander mystics
  A wretched star (Abyss:2)
  2 deep trolls (Orc:2)
  2 naga ritualists (Snake:1)
  A deep elf pyromancer (D:13)
  4 orc knights
  4 ugly things
  6 mana vipers
  4 cyclopes
  An orc sorcerer (Orc:1)
  A manticore (Shoals:2)
  11 salamanders
  A guardian serpent (Snake:1)
  10 elephants
  A worldbinder (Abyss:2)
  36 black mambas
  2 merfolk sirens
  An orange demon (Abyss:2)
  An apocalypse crab (Abyss:2)
  3 smoke demons (Lair:5)
  14 cane toads
  7 naga magi
  2 gargoyles
  2 unseen horrors
  3 kobold demonologists (D:11)
  2 rime drakes
  6 komodo dragons
  A hellwing (Abyss:2)
  3 efreet
  5 ancient zymes
  6 merfolk
  11 trolls
  A hornet (D:9)
  2 polar bears
  24 blink frogs
  6 dream sheep (Lair:5)
  6 raiju (Abyss:2)
  2 shadows
  A spriggan (Lair:5)
  A water elemental (Shoals:1)
  44 yaks
  4 wraiths
  A neqoxec (Abyss:2)
  4 wyverns
  6 basilisks
  3 ynoxinuls
  3 steam dragons
  25 nagas
  4 vampire mosquitoes
  5 large abominations
  2 wargs (Orc:2)
  18 water moccasins
  An acid dragon (D:10)
  2 ice beasts (D:6)
  35 orc warriors
  3 sky beasts
  8 black bears
  20 ogres
  8 centaurs
  6 kobold brigands
  A phantom (D:5)
  12 small abominations
  2 necrophages
  A gnoll sergeant (Orc:1)
  13 bullfrogs
  A scorpion (D:6)
  8 wights
  8 killer bees
  11 electric eels
  5 howler monkeys
  16 orc priests
  4 hounds
  4 jellies
  6 iguanas
  2 gnoll boudas
  Natasha (D:2)
  25 orc wizards
  7 hell rats (Lair:3)
  A mummy (D:7)
  16 gnolls
  6 adders
  6 white imps
  2 dart slugs
  86 orcs
  4 bats
  4 endoplasms
  2 giant cockroaches
  11 goblins
  4 hobgoblins
  2 jackals (D:5)
  23 kobolds
  4 quokkas
  5 ball pythons
  2 frilled lizards
  6 rats
  A spectral orc (D:6)
769 creatures vanquished.

Vanquished Creatures (collateral kills)
  A thrashing horror (Lair:5)
  A naga warrior (Snake:1)
  A hell hog (Abyss:2)
  Urug (D:13)
  A salamander (Snake:1)
  A yak (Lair:5)
  A naga (Snake:1)
7 creatures vanquished.

Vanquished Creatures (others)
  A nagaraja (Snake:1)
  A two-headed ogre (D:8)
  A naga warrior (Snake:1)
  A naga sharpshooter (Snake:1)
  An ugly thing (D:7)
  A black mamba (Snake:1)
  A naga mage (Snake:3)
  A water moccasin (Lair:3)
  An orc (Orc:1)
  A quokka (D:2)
  62 fungi
  73 plants
  18 starspawn tentacles (Abyss:2)
163 creatures vanquished.

Grand Total: 939 creatures vanquished

Notes
Turn   | Place    | Note
-------+----------+-------------------------------------------
     0 | D:1      | oldriver the Naga Artificer began the quest for the Orb.
     0 | D:1      | Reached XP level 1. HP: 18/18 MP: 1/1
   106 | D:1      | Found Wonosi's Weapon Shoppe.
   258 | D:1      | Reached XP level 2. HP: 23/25 MP: 2/2
   795 | D:2      | Reached skill level 2 in Fighting
   901 | D:2      | Reached XP level 3. HP: 32/32 MP: 3/3
  1058 | D:2      | Noticed Natasha
  1064 | D:2      | Killed Natasha
  1096 | D:2      | Reached XP level 4. HP: 32/40 MP: 4/4
  1265 | D:2      | Noticed Natasha
  1652 | D:3      | Reached skill level 3 in Fighting
  1652 | D:3      | Reached skill level 5 in Stealth
  1790 | D:3      | Found a faded altar of an unknown god.
  2076 | D:3      | Reached XP level 5. HP: 46/49 MP: 5/5
  2322 | D:3      | Found Viorisi's Weapon Shoppe.
  2613 | D:4      | Found a sparkling altar of Nemelex Xobeh.
  2614 | D:4      | Noticed a kobold brigand
  2738 | D:4      | Identified the +3 pair of gloves "Estifize" {Dex+4}
  2811 | D:4      | Noticed a black bear
  2816 | D:4      | Killed a black bear
  2817 | D:4      | Reached skill level 1 in Dodging
  2817 | D:4      | Reached skill level 1 in Shields
  2817 | D:4      | Reached XP level 6. HP: 57/57 MP: 6/6
  2844 | D:4      | Reached skill level 4 in Fighting
  2983 | D:4      | Reached XP level 7. HP: 23/66 MP: 7/7
  3309 | D:4      | Found a staircase to the Ecumenical Temple.
  3418 | Temple   | Entered the Ecumenical Temple
  3577 | Temple   | Became a worshipper of Elyvilon the Healer
  3710 | D:5      | Entered Level 5 of the Dungeon
  3751 | D:5      | Reached skill level 1 in Short Blades
  4099 | D:5      | Reached skill level 5 in Fighting
  4125 | D:5      | Got the Compilation of Unhallowed Liturgies and
                  | Confrontation
  4163 | D:5      | Reached XP level 8. HP: 74/74 MP: 8/8
  4396 | D:5      | Reached * piety under Elyvilon
  5327 | D:6      | Reached skill level 5 in Short Blades
  5404 | D:6      | Found a basalt altar of Yredelemnul.
  5502 | D:6      | Reached XP level 9. HP: 77/82 MP: 9/9
  5555 | D:6      | Reached skill level 6 in Fighting
  5664 | D:6      | Found a broken altar of Ashenzari.
  5823 | D:6      | Identified the +1 whip of the Ancients {pain, rElec rPois}
  5858 | D:6      | Reached ** piety under Elyvilon
  5940 | D:6      | Found Kuskimma's Jewellery Boutique.
  6208 | D:7      | Found a flagged portal.
  6232 | Bailey   | Entered a bailey
  6307 | Bailey   | Noticed an orc knight
  6563 | Bailey   | Killed an orc knight
  6564 | Bailey   | Reached skill level 1 in Throwing
  7191 | Bailey   | Reached skill level 1 in Invocations
  7266 | Bailey   | Reached skill level 5 in Shields
  8148 | D:7      | Reached skill level 7 in Fighting
  8148 | D:7      | Reached XP level 10. HP: 89/94 MP: 11/11
  8531 | D:7      | Noticed a white ugly thing
  8531 | D:7      | Noticed an unseen horror
  8643 | D:7      | Found a snail-covered altar of Cheibriados.
  9307 | D:8      | Found a stormy altar of Qazlal.
  9415 | D:8      | Reached *** piety under Elyvilon
  9438 | D:8      | Found a staircase to the Lair.
  9604 | D:8      | Noticed a two-headed ogre
  9604 | D:8      | Noticed a white ugly thing
  9652 | D:9      | Found a runed translucent door.
  9653 | D:9      | Found an ornate altar of the Wu Jian Council.
  9654 | D:9      | Found a shimmering altar of Xom.
  9654 | D:9      | Noticed Chaicat's ghost (novice MiFi)
  9655 | D:9      | Noticed an unseen horror
  9660 | D:9      | Killed an unseen horror
  9945 | D:9      | Noticed a +1 scimitar of chaos
 10042 | D:9      | Reached skill level 8 in Fighting
 10345 | D:9      | Reached XP level 11. HP: 87/103 MP: 11/14
 10435 | D:9      | Reached **** piety under Elyvilon
 10504 | D:9      | Found a bloodstained altar of Trog.
 10504 | D:9      | Found an opulent altar of Gozag.
 10510 | D:9      | Found a shimmering altar of Xom.
 10512 | D:9      | Found a blossoming altar of Fedhas.
 10514 | D:9      | Found a hide-covered altar of Uskayaw.
 10609 | D:9      | Reached skill level 10 in Short Blades
 11097 | D:8      | Killed a white ugly thing
 11163 | D:8      | Reached skill level 1 in Long Blades
 11358 | D:8      | Noticed a two-headed ogre
 11376 | D:8      | Killed a two-headed ogre
 11820 | D:7      | Reached skill level 5 in Invocations
 11923 | D:7      | Noticed a red ugly thing
 11924 | D:7      | Noticed a cyan ugly thing
 11926 | D:7      | Pacified a cyan ugly thing
 11928 | D:7      | Killed a cyan ugly thing
 11932 | D:7      | Pacified a red ugly thing
 11933 | D:7      | Reached skill level 9 in Fighting
 11942 | D:7      | Killed a white ugly thing
 12165 | D:7      | Found a transporter.
 12166 | D:7      | Noticed Dordric's ghost (novice TrMo)
 12167 | D:7      | Identified the +9 great mace "Fennolo" {speed, Will+}
 12167 | D:7      | Noticed a two-headed ogre
 12171 | D:7      | Found a transporter.
 12627 | Lair:1   | Entered Level 1 of the Lair of Beasts
 12808 | Lair:1   | Reached skill level 5 in Dodging
 13550 | Lair:1   | Reached XP level 12. HP: 60/114 MP: 9/16
 13692 | Lair:1   | Reached ***** piety under Elyvilon
 14630 | Lair:2   | Found a runed translucent gate.
 14630 | Lair:2   | Found a runed translucent gate.
 14630 | Lair:2   | Found a runed translucent gate.
 14676 | Lair:2   | Noticed VibeKiller's ghost (journeyman SpEn)
 14910 | Lair:2   | Reached skill level 5 in Long Blades
 15914 | Lair:3   | Noticed an eight-headed hydra
 15919 | Lair:3   | Pacified an eight-headed hydra
 16004 | Lair:3   | Reached skill level 10 in Fighting
 16724 | Lair:3   | Found a staircase to the Snake Pit.
 16890 | Lair:3   | Noticed an eight-headed hydra
 16891 | Lair:3   | Pacified an eight-headed hydra
 16923 | Lair:3   | Gained mutation: You can use your snake-like lower body to
                  | constrict enemies. [Naga growth]
 16923 | Lair:3   | Reached XP level 13. HP: 68/124 MP: 10/18
 17425 | Lair:3   | Reached skill level 10 in Dodging
 18187 | Lair:3   | Found a staircase to the Shoals.
 18674 | Lair:4   | Identified the ring of Oqouh {rCorr MP+9 Str-4 Dex+6}
 19330 | Lair:4   | Identified the +10 whip "Hoharit" {speed, *Corrode rElec
                  | Str+2 Dex+2}
 19500 | Lair:5   | Entered Level 5 of the Lair of Beasts
 19655 | Lair:5   | Found a runed translucent door.
 19656 | Lair:5   | Noticed an azure jelly
 20028 | Lair:5   | Reached skill level 10 in Stealth
 20427 | Lair:5   | Reached skill level 11 in Fighting
 20528 | Lair:5   | Found a staircase to the Slime Pits.
 20620 | Lair:5   | Reached ****** piety under Elyvilon
 21084 | Lair:5   | Reached skill level 10 in Long Blades
 21084 | Lair:5   | Reached XP level 14. HP: 47/135 MP: 7/20
 22310 | Lair:5   | Found a corrupted altar of Lugonu.
 22310 | Lair:5   | Found a one-way gate to the infinite horrors of the Abyss.
 23485 | D:3      | Bought 2 poisoned darts for 8 gold pieces
 23622 | D:10     | Entered Level 10 of the Dungeon
 23690 | D:10     | Found a staircase to the Orcish Mines.
 24560 | D:10     | Found a shimmering blue altar of Sif Muna.
 25011 | D:11     | Reached skill level 12 in Fighting
 26411 | D:12     | Found a transporter.
 26473 | D:12     | Noticed a sphinx
 26701 | D:12     | Noticed a tengu reaver
 26855 | D:13     | Noticed Urug
 26864 | D:13     | Killed Urug
 26937 | D:13     | Found a transporter.
 26940 | D:13     | Noticed Isikleif's ghost (journeyman MiBe)
 27059 | D:13     | Reached skill level 5 in Throwing
 27262 | D:13     | Found a transporter.
 27387 | D:13     | Identified the ring "Jesufumiu" {rPois Int+4}
 27640 | Orc:1    | Entered Level 1 of the Orcish Mines
 28245 | Orc:2    | Entered Level 2 of the Orcish Mines
 28296 | Orc:2    | Noticed Lobster4's ghost (journeyman HOFi)
 28302 | Orc:2    | Found a bloodstained altar of Trog.
 28306 | Orc:2    | Found a transporter.
 28325 | Orc:2    | Found a transporter.
 28729 | Orc:2    | Reached XP level 15. HP: 137/146 MP: 21/21
 28837 | Orc:2    | Found a staircase to the Elven Halls.
 28975 | Orc:2    | Reached skill level 5 in Armour
 29948 | Orc:2    | Found Ofaciem's Antique Weapon Shoppe.
 29950 | Orc:2    | Found Toicomn's Book Shop.
 29980 | Orc:2    | Found Sayrcher's Book Emporium.
 30036 | Orc:2    | Found Muhussi's Book Shoppe.
 31093 | Snake:1  | Entered Level 1 of the Snake Pit
 31096 | Snake:1  | Noticed Donald
 31112 | Snake:1  | Reached skill level 13 in Fighting
 31113 | Snake:1  | Killed Donald
 32392 | Snake:1  | Reached skill level 10 in Invocations
 32394 | Snake:1  | Noticed a nagaraja
 33964 | Snake:1  | Reached XP level 16. HP: 100/158 MP: 20/23
 33970 | Snake:1  | Pacified a nagaraja
 33972 | Snake:1  | Noticed a nagaraja
 33984 | Snake:1  | Killed a nagaraja
 33999 | Snake:1  | HP: 7/158 [naga warrior/+0 glaive (20)]
 34410 | Snake:1  | Noticed a nagaraja
 34411 | Snake:1  | Pacified a nagaraja
 34412 | Snake:1  | Reached skill level 14 in Fighting
 34547 | Snake:1  | Got the Exposition on Clouds and the Retinue
 34783 | Snake:2  | Noticed a nagaraja
 35527 | Snake:2  | Found Athruubas's Armour Shop.
 35612 | Snake:2  | Killed a nagaraja
 36261 | Snake:2  | Bought a +0 cloak for 58 gold pieces
 36270 | Snake:2  | Identified the +4 sling of Sockips {vorpal, rN+ Int+5
                  | Dex-5}
 36665 | Snake:2  | Found Wuegock's Book Shop.
 37240 | Snake:3  | Identified a scroll of acquirement
 37243 | Snake:3  | Acquired a manual of Shields
 38026 | Snake:3  | Found Bedosos's Weapon Shop.
 38039 | Snake:3  | Found Nisenen's Magic Scroll Shop.
 38039 | Snake:3  | Found Ataqexol's Book Boutique.
 38040 | Snake:3  | Noticed Vashnia
 39022 | Shoals:1 | Entered Level 1 of the Shoals
 39281 | Shoals:1 | Noticed Louise
 39284 | Abyss:2  | Cast into level 2 of the Abyss (Louise)
 39444 | Abyss:2  | Noticed a daeva
 39599 | Abyss:2  | Noticed a tentacled starspawn
 39606 | Abyss:2  | Noticed a tentacled starspawn
 39691 | Abyss:2  | HP: 5/160 [large abomination (15)]
 40169 | Abyss:2  | Found a corrupted altar of Lugonu.
 40221 | Abyss:2  | Elyvilon protects you from harm!
 40235 | Abyss:2  | Elyvilon protects you from harm!
 40235 | Abyss:2  | HP: 1/160 [rock wall collision (11)]
 40238 | Abyss:2  | Reached XP level 17. HP: 2/168 MP: 0/26
 40241 | Shoals:1 | Escaped the Abyss
 40259 | Shoals:1 | Succumbed to a sea snake's poison

Illustrated notes

Levels and vault maps discovered:
D:1:      shiori_shiawase, layout_loops_cross, serial_shops, shop
D:2:      layout_loops_ring, uniq_natasha
D:3:      layout_basic, ebering_ecumenical_altar_mist, serial_shops,
          nicolae_shop_bloodbath_and_beyond
D:4:      layout_rooms, nemelex_xobeh_ov_fountains_minmay,
          minmay_temple_entry_waves
D:5:      wad_crossroads, layout_cave_pods, grunt_ministairs_3
D:6:      layout_rooms, yredelemnul_forgotten_temple_becter,
          nicolae_ashenzari_panopticon, serial_shops, nicolae_shop_stone
D:7:      layout_loops_cross, slow_altar_1, lightli_bailey_entry_fortress,
          gammafunk_ghost_smash, grunt_decor_clamped, minmay_shattered_shrine
D:8:      layout_loops_ring, grunt_qazlal_sundering, lair_entry_dummy,
          minmay_manual_mullet
D:9:      layout_gridville, mainiacjoe_overflow_small_starburst,
          chequers_temple_overflow_minitemple, ebering_ghost_xom
D:10:     layout_big_octagon, led_sif_book, orc_david_3, evilmike_minifort
D:11:     layout_basic, serial_curves, eino_curves_03, eino_curves_04
D:12:     gammafunk_sealed_library, layout_irregular_city, serial_column_ruins,
          column_ruins_corridor_straight, column_ruins_columns_straight,
          column_ruins_corridor_corner, column_ruins_columns_T,
          column_ruins_corridor_straight, serial_bayou_crossing
D:13:     layout_basic, gammafunk_ghost_mausoleum, drop_trap, uniq_urug
D:14:     layout_small_grid, grunt_vaults_entry_tiered, serial_glass,
          glass_columns_c, glass_columns_a, item_on_display_a,
          okawaru_gym_becter
Temple:   hellmonk_temple_flake
Lair:1:   layout_regular_city, serial_bayou_shore_a, infiniplex_staircase_pool
Lair:2:   layout_cellular_growth, gammafunk_ghost_icy, hibernation_bobbens
Lair:3:   layout_layer_cave, elwin_shoals_entry_rooms,
          minmay_snake_entry_six_corridors, grunt_megastairs_5
Lair:4:   layout_loops_ring, dreamdust_gnoll_shepherd
Lair:5:   hellmonk_lair_end_abyssal_woods, layout_cave_pods, slime_entry_2,
          grunt_megastairs_3
Shoals:1: layout_shoals, uniq_louise
Shoals:2: layout_shoals, serial_shops, nicolae_lakefront_shop, uniq_frances,
          uniq_kirke, uniq_polyphemus
Shoals:3: layout_shoals, serial_shops, shop, uniq_ilsuiw
Snake:1:  layout_honeycomb, nicolae_snake_storage_room, uniq_donald
Snake:2:  cheibrodos_forgotten_conduit, layout_concentric_octagons,
          serial_shops, nicolae_shop_temple_entry_statues_fountains,
          nicolae_take_the_stairs
Snake:3:  layout_chambers, minmay_shoptagon, uniq_vashnia
Orc:1:    layout_caves
Orc:2:    st_orc_open, layout_diamond_mine, gammafunk_ghost_wrathful_warriors

Skill      XL: |  1  2  3  4  5  6  7  8  9 10 11 12 13 14 15 16 |
---------------+-------------------------------------------------+-----
Stealth        | 2 3 4 5 6 7 8 9 11 | 11.0
Fighting       | 2 3 4 5 7 8 9 10 11 12 13 14 | 14.8
Armour         | 2 3 4 5 6 |  6.3
Dodging        | 1 2 3 6 9 11 | 11.0
Shields        | 1 2 4 5 9 |  9.5
Short Blades   | 3 5 7 9 10 | 10.0
Throwing       | 2 3 5 7 |  7.8
Invocations    | 2 4 6 7 8 10 12 | 12.0
Long Blades    | 3 7 10 12 | 12.6
Evocations     | 4 |  4.0

Action                   |  1- 3 |  4- 6 |  7- 9 | 10-12 | 13-15 | 16-18 || total
-------------------------+-------+-------+-------+-------+-------+-------++-------
Melee: Club              |    28 |       |       |       |       |       ||    28
       Short sword       |     4 |    71 |   295 |   379 |       |       ||   749
       Punch             |       |     1 |       |       |       |       ||     1
       Falchion          |       |       |       |   339 |  1347 |   470 ||  2156
       Constrict         |       |       |       |       |   280 |    97 ||   377
Throw: Boomerang         |       |       |    74 |   240 |   382 |   125 ||   821
       Dart              |       |       |     8 |     3 |     2 |     2 ||    15
       Javelin           |       |       |     2 |     5 |     1 |       ||     8
Invok: Heal Other        |       |       |     1 |     6 |    13 |    12 ||    32
       Heal Self         |       |       |       |       |     2 |     7 ||     9
       Purification      |       |       |       |       |       |     1 ||     1
 Abil: Spit Poison       |    18 |    32 |    53 |    35 |    15 |     1 ||   154
Evoke: Wand              |     6 |    13 |     7 |     9 |     8 |    13 ||    56
       Phantom mirror    |       |       |       |     2 |     4 |     2 ||     8
       Box of beasts     |       |       |       |       |     1 |     2 ||     3
  Use: Scroll            |       |     4 |    15 |     5 |     9 |     9 ||    42
       Potion            |       |       |     4 |       |       |    11 ||    15
 Stab: Sleeping          |     1 |       |     3 |     5 |    11 |     1 ||    21
       Invisible         |       |       |     1 |     2 |       |     2 ||     5
       Distracted        |       |       |       |     4 |     1 |     3 ||     8
Armor: Leather armour    |    12 |    24 |    83 |   204 |    15 |       ||   338
       Scale mail        |       |       |       |       |   214 |       ||   214
       Acid dragon scale |       |       |       |       |   149 |   117 ||   266
Dodge: Dodged            |    19 |    30 |    81 |   308 |   763 |   241 ||  1442
Block: Buckler           |       |     3 |    57 |   156 |   362 |       ||   578
       Kite shield       |       |       |       |       |    54 |   317 ||   371
       Reflection        |       |       |       |       |     2 |    38 ||    40

Table legend: (Time is in decaauts)
 A = Elapsed time spent in this place.
 B = Non-inter-level travel time spent in this place.
 C = Inter-level travel time spent in this place.
 D = Time resting spent in this place.
 E = Time spent auto-exploring this place.
 F = Levels seen in this place.
 G = Mean time per level.
                   A        B        C        D        E       F      G
               +--------+--------+--------+--------+--------+-----+--------+
         Total |  47176 |  44720 |   2456 |  11924 |  22618 |  30 | 1572.5 |
       Dungeon |  18898 |  17377 |   1521 |   2882 |  11125 |  14 | 1349.9 |
        Temple |    238 |    231 |      7 |      0 |    180 |   1 |  238.0 |
          Lair |  12987 |  12420 |    567 |   3248 |   6485 |   5 | 2597.4 |
        Shoals |    340 |    340 |      0 |     26 |     36 |   3 |  113.3 |
     Snake Pit |   8339 |   8188 |    151 |   3370 |   2989 |   3 | 2779.7 |
  Orcish Mines |   3373 |   3166 |    207 |    752 |   1599 |   2 | 1686.5 |
         Abyss |    965 |    965 |      0 |    522 |      4 |   1 |  965.0 |
        Bailey |   2034 |   2034 |      0 |   1123 |    198 |   1 | 2034.0 |
               +--------+--------+--------+--------+--------+-----+--------+

Top non-repeatable levels by time:
  Lair:5: 4004 daAuts
  Lair:3: 3630 daAuts
 Snake:1: 3538 daAuts
 Snake:2: 2658 daAuts
   Orc:2: 2157 daAuts
 Snake:3: 2142 daAuts
  Lair:1: 2135 daAuts
     D:7: 2073 daAuts
  Bailey: 2034 daAuts
     D:5: 1960 daAuts
  Lair:2: 1881 daAuts
     D:8: 1835 daAuts
     D:9: 1808 daAuts
    D:11: 1651 daAuts
    D:10: 1643 daAuts
